TOP OF THE 1ST |
Mississippi Rebels batting - Pitching for Alabama Crimson Tide : RHP Brian Just
|
Pitching: RHP Brian Just
|
|
Batting: RHB Pedro Torez
|
0-0: Called Strike 0-1: Foul Ball, location: 2F 0-2: Ball 1-2: Ball 2-2: Strikes out swinging
|
Batting: RHB Anthony Stanley
|
0-0: Ball 1-0: Ball 2-0: Foul Ball, location: 2F 2-1: Called Strike 2-2: Ball 3-2: SINGLE (Groundball, 6MD)
|
Batting: LHB Roger Warren
|
0-0: Foul Ball, location: 2F 0-1: Foul Ball, location: 2F 0-2: Hit by Pitch Anthony Stanley to second
|
Batting: LHB Gavin O'Keefe
|
0-0: Ball 1-0: SINGLE (Groundball, 34D) Anthony Stanley to third Roger Warren to second Runner from 3rd tries for Home, SAFE, throw made home Roger Warren to third Gavin O'Keefe to second
|
Batting: RHB Norm Richardson
|
0-0: Swinging Strike 0-1: Ball 1-1: Ball 2-1: Ball 3-1: Called Strike 3-2: Foul Ball, location: 2F 3-2: Ground out 6-3 (Groundball, 6) Roger Warren scores
|
Batting: RHB Justin Johnson
|
0-0: Ball 1-0: Called Strike 1-1: Foul Ball, location: 2F 1-2: Ball 2-2: Strikes out looking
|
Top of the 1st over - 2 run(s), 2 hit(s), 0 error(s), 1 left on base; Mississippi 2 - Alabama 0 |
BOTTOM OF THE 1ST |
Alabama Crimson Tide batting - Pitching for Mississippi Rebels : RHP Jon Townsend
|
Pitching: RHP Jon Townsend
|
|
Batting: LHB Raúl Morales
|
0-0: Called Strike 0-1: Ball 1-1: Ball 2-1: Swinging Strike 2-2: Foul Ball, location: 2F 2-2: Fly out, F4 (Line Drive, 4)
|
Batting: LHB Carlos Osorio
|
0-0: Ball 1-0: Ground out 1-3 (Groundball, 15S)
|
Batting: LHB Mike Godfrey
|
0-0: Called Strike 0-1: Foul Ball, location: 2F 0-2: Ground out 5-3 (Groundball, 15S)
|
Bottom of the 1st over - 0 run(s), 0 hit(s), 0 error(s), 0 left on base; Mississippi 2 - Alabama 0 |
TOP OF THE 2ND |
Mississippi Rebels batting - Pitching for Alabama Crimson Tide : RHP Brian Just
|
Batting: RHB Alejandro Ruíz
|
0-0: Called Strike 0-1: Ball 1-1: Ball 2-1: Ground out 5-3 (Groundball, 5S)
|
Batting: LHB Todd Anderson
|
0-0: Ball 1-0: Called Strike 1-1: Bunted foul 1-2: Ball 2-2: Ball 3-2: Base on Balls
|
Batting: LHB Joe Phelps
|
0-0: Ball 1-0: DOUBLE (Line Drive, 8LM) Todd Anderson to third Runner from 3rd tries for Home, SAFE, no throw or cutoff
|
Batting: RHB Pedro Torez
|
0-0: Ball 1-0: Called Strike 1-1: Called Strike 1-2: Ball 2-2: Strikes out swinging
|
Batting: RHB Anthony Stanley
|
0-0: Called Strike 0-1: Ball 1-1: Foul Ball, location: 2F 1-2: Foul Ball, location: 2F 1-2: Strikes out swinging
|
Top of the 2nd over - 1 run(s), 1 hit(s), 0 error(s), 1 left on base; Mississippi 3 - Alabama 0 |
BOTTOM OF THE 2ND |
Alabama Crimson Tide batting - Pitching for Mississippi Rebels : RHP Jon Townsend
|
Batting: LHB Davey Davis
|
0-0: Ball 1-0: Foul Ball, location: 2F 1-1: Foul Ball, location: 2F 1-2: Ball 2-2: Foul Ball, location: 2F 2-2: Ball 3-2: Strikes out looking
|
Batting: LHB Miguel Colón
|
0-0: Ball 1-0: Foul Ball, location: 2F 1-1: Ball 2-1: Ball 3-1: SINGLE (Groundball, 34D)
|
Batting: LHB Wally Brandt
|
0-0: Foul Ball, location: 2F 0-1: Ball 1-1: Ball 2-1: Hit by Pitch Miguel Colón to second
|
Batting: RHB Andrew O'Dell
|
0-0: Called Strike 0-1: Called Strike 0-2: Ball 1-2: Strikes out looking
|
Batting: RHB Eddie Howell
|
0-0: Ball 1-0: Swinging Strike 1-1: Ball 2-1: Foul Ball, location: 2F 2-2: SINGLE (Groundball, 34D) Miguel Colón to third Wally Brandt to second Runner from 3rd tries for Home, SAFE, no throw or cutoff
|
Batting: SHB Shane Hutchinson
|
0-0: Called Strike 0-1: Fly out, F7 (Line Drive, 6D)
|
Bottom of the 2nd over - 1 run(s), 2 hit(s), 0 error(s), 2 left on base; Mississippi 3 - Alabama 1 |
TOP OF THE 3RD |
Mississippi Rebels batting - Pitching for Alabama Crimson Tide : RHP Brian Just
|
Batting: LHB Roger Warren
|
0-0: SOLO HOME RUN (Flyball, 9D), Distance : 362 ft
|
Batting: LHB Gavin O'Keefe
|
0-0: Foul Ball, location: 2F 0-1: Foul Ball, location: 2F 0-2: Ball 1-2: Ball 2-2: Foul Ball, location: 2F 2-2: Foul Ball, location: 2F 2-2: Ball 3-2: Fly out, F7 (Flyball, 7M)
|
Batting: RHB Norm Richardson
|
0-0: Ball 1-0: Swinging Strike 1-1: Called Strike 1-2: Strikes out looking
|
Batting: RHB Justin Johnson
|
0-0: Foul Ball, location: 2F 0-1: Swinging Strike 0-2: Ball 1-2: Ball 2-2: Fly out, F7 (Line Drive, 7M)
|
Top of the 3rd over - 1 run(s), 1 hit(s), 0 error(s), 0 left on base; Mississippi 4 - Alabama 1 |
BOTTOM OF THE 3RD |
Alabama Crimson Tide batting - Pitching for Mississippi Rebels : RHP Jon Townsend
|
Batting: LHB Raúl Morales
|
0-0: Ball 1-0: Reached on Error, E8 (Flyball, 8LD)
|
Batting: LHB Carlos Osorio
|
0-0: Called Strike 0-1: Ball 1-1: Called Strike 1-2: Foul Ball, location: 2F 1-2: Strikes out swinging
|
Batting: LHB Mike Godfrey
|
0-0: Ball 1-0: Called Strike 1-1: Ball 2-1: Ground out 2-3 (Groundball, 2L) Raúl Morales to third
|
Batting: LHB Davey Davis
|
0-0: Ball 1-0: Ball 2-0: Ball 3-0: Called Strike 3-1: Foul Ball, location: 2F 3-2: Base on Balls
|
Batting: LHB Miguel Colón
|
0-0: Ball 1-0: Foul Ball, location: 2F 1-1: Ball 2-1: Foul Ball, location: 2F 2-2: Ball 3-2: Strikes out looking
|
Bottom of the 3rd over - 0 run(s), 0 hit(s), 1 error(s), 2 left on base; Mississippi 4 - Alabama 1 |
TOP OF THE 4TH |
Mississippi Rebels batting - Pitching for Alabama Crimson Tide : RHP Brian Just
|
Batting: RHB Alejandro Ruíz
|
0-0: Called Strike 0-1: Ball 1-1: Foul Ball, location: 2F 1-2: Ground out 6-3 (Groundball, 6)
|
Batting: LHB Todd Anderson
|
0-0: Called Strike 0-1: Foul Ball, location: 2F 0-2: Ball 1-2: Fly out, F8 (Flyball, 8LXD)
|
Batting: LHB Joe Phelps
|
0-0: Ball 1-0: Reached on error, E6 (Groundball, 6)
|
Batting: RHB Pedro Torez
|
0-0: Ball 1-0: Ball 2-0: Swinging Strike 2-1: Swinging Strike 2-2: SINGLE (Line Drive, 8LS) Joe Phelps to second
|
Pitching: RHP Ray Johnston
|
|
Batting: RHB Anthony Stanley
|
0-0: Foul Ball, location: 2F 0-1: Foul Ball, location: 2F 0-2: DOUBLE (Flyball, 89M) Joe Phelps scores Pedro Torez to third Runner from 3rd tries for Home, throw and OUT!
|
Top of the 4th over - 1 run(s), 2 hit(s), 1 error(s), 1 left on base; Mississippi 5 - Alabama 1 |
BOTTOM OF THE 4TH |
Alabama Crimson Tide batting - Pitching for Mississippi Rebels : RHP Jon Townsend
|
Batting: LHB Wally Brandt
|
0-0: Called Strike 0-1: Ground out U3 (Groundball, 3)
|
Batting: RHB Andrew O'Dell
|
0-0: Swinging Strike 0-1: Swinging Strike 0-2: Foul Ball, location: 2F 0-2: Strikes out swinging
|
Batting: RHB Eddie Howell
|
0-0: Foul Ball, location: 2F 0-1: Ball 1-1: Foul Ball, location: 2F 1-2: Ball 2-2: Foul Ball, location: 2F 2-2: SINGLE (Line Drive, 56)
|
Batting: SHB Shane Hutchinson
|
0-0: Ball 1-0: Ball 2-0: Foul Ball, location: 2F 2-1: Fly out, F8 (Flyball, 8RS)
|
Bottom of the 4th over - 0 run(s), 1 hit(s), 0 error(s), 1 left on base; Mississippi 5 - Alabama 1 |
TOP OF THE 5TH |
Mississippi Rebels batting - Pitching for Alabama Crimson Tide : RHP Ray Johnston
|
Batting: LHB Roger Warren
|
0-0: Ball 1-0: Called Strike 1-1: Ball 2-1: Foul Ball, location: 2F 2-2: Ball 3-2: Strikes out looking
|
Batting: LHB Gavin O'Keefe
|
0-0: Ball 1-0: Called Strike 1-1: Ball 2-1: Ball 3-1: SINGLE (Line Drive, 34D)
|
Batting: RHB Norm Richardson
|
0-0: Ball Gavin O'Keefe steals 2nd base 1-0: Foul Ball, location: 2F 1-1: Foul Ball, location: 2F 1-2: Ball 2-2: Strikes out swinging
|
Batting: RHB Justin Johnson
|
0-0: Fly out, F7 (Flyball, 7LMF)
|
Top of the 5th over - 0 run(s), 1 hit(s), 0 error(s), 1 left on base; Mississippi 5 - Alabama 1 |
BOTTOM OF THE 5TH |
Alabama Crimson Tide batting - Pitching for Mississippi Rebels : RHP Jon Townsend
|
Batting: LHB Raúl Morales
|
0-0: Ball 1-0: Called Strike 1-1: Foul Ball, location: 2F 1-2: Foul Ball, location: 2F 1-2: Strikes out swinging
|
Pitching: RHP Mauro Gómez
|
|
Batting: LHB Carlos Osorio
|
0-0: Ball 1-0: Ball 2-0: Ball 3-0: Base on Balls
|
Batting: LHB Mike Godfrey
|
0-0: Ball 1-0: Ball 2-0: SINGLE (Groundball, 56D) Carlos Osorio to second
|
Batting: LHB Davey Davis
|
0-0: Called Strike 0-1: Called Strike 0-2: Fly out, F7 (Flyball, 78M) 0-2: Fly out, F7 (Flyball, 78M)
|
Batting: LHB Miguel Colón
|
0-0: Ball 1-0: Foul Ball, location: 2F 1-1: Foul Ball, location: 2F 1-2: Strikes out swinging
|
Bottom of the 5th over - 0 run(s), 1 hit(s), 0 error(s), 2 left on base; Mississippi 5 - Alabama 1 |
TOP OF THE 6TH |
Mississippi Rebels batting - Pitching for Alabama Crimson Tide : RHP Ray Johnston
|
Batting: RHB Alejandro Ruíz
|
0-0: Called Strike 0-1: Ground out 1-3 (Groundball, 13)
|
Batting: LHB Todd Anderson
|
0-0: Called Strike 0-1: Ball 1-1: Foul Ball, location: 2F 1-2: Strikes out swinging
|
Batting: LHB Joe Phelps
|
0-0: Ball 1-0: Fly out, F8 (Flyball, 8LM)
|
Top of the 6th over - 0 run(s), 0 hit(s), 0 error(s), 0 left on base; Mississippi 5 - Alabama 1 |
BOTTOM OF THE 6TH |
Alabama Crimson Tide batting - Pitching for Mississippi Rebels : RHP Mauro Gómez
|
Batting: LHB Wally Brandt
|
0-0: Ball 1-0: Fly out, F3 (Line Drive, 3)
|
Batting: RHB Andrew O'Dell
|
0-0: Foul Ball, location: 2F 0-1: Called Strike 0-2: Strikes out swinging
|
Batting: RHB Eddie Howell
|
0-0: Ball 1-0: Ball 2-0: SINGLE (Flyball, 89S)
|
Batting: SHB Shane Hutchinson
|
0-0: Swinging Strike 0-1: Reached on error, E4 (Groundball, 4) Eddie Howell to second
|
Batting: LHB Raúl Morales
|
0-0: Ball 1-0: Ball 2-0: Ball 3-0: Base on Balls Eddie Howell to third Shane Hutchinson to second
|
Batting: LHB Carlos Osorio
|
0-0: Ball 1-0: Ball 2-0: Called Strike 2-1: Ball 3-1: Foul Ball, location: 2F 3-2: Strikes out swinging
|
Bottom of the 6th over - 0 run(s), 1 hit(s), 1 error(s), 3 left on base; Mississippi 5 - Alabama 1 |
TOP OF THE 7TH |
Mississippi Rebels batting - Pitching for Alabama Crimson Tide : RHP Ray Johnston
|
Pitching: RHP Bill Allen
|
|
Batting: RHB Pedro Torez
|
0-0: Called Strike
|
|